 Dungeon Crawl Stone Soup version 0.22-a0-117-g314b907 (webtiles) character file.

171 KristoblXynda the Ruffian (level 5, 0/47 HPs)
             Began as a Draconian Monk on Jan 29, 2018.
             Slain by an orc
             ... wielding a +2 trident of venom
              (7 damage)
             ... on level 3 of the Dungeon.
             The game lasted 00:04:29 (2568 turns).

KristoblXynda the Ruffian (Draconian Monk)          Turns: 2568, Time: 00:04:30

Health: 0/47       AC:  5    Str: 14    XL:     5   Next: 26%
Magic:  5/5        EV: 13    Int: 11    God:
Gold:   95         SH:  0    Dex: 13    Spells: 4/4 levels left

rFire    + . .     SeeInvis .     - Unarmed
rCold    + . .     Gourm    .   (no shield)
rNeg     . . .     Faith    .   (armour unavailable)
rPois    .         Spirit   .   (helmet restricted)
rElec    .         Reflect  .   l - scarf {rC+ rF+}
rCorr    .         Harm     .   (no gloves)
MR       .....                  (no boots)
Stlth    ++........             (no amulet)
HPRegen  0.15/turn              (no ring)
MPRegen  0.09/turn              (no ring)

@: lethally poisoned (0 -> -16)
A: unfitting armour, antennae 1, beak, cold-blooded, AC +5
a: no special abilities


You were on level 3 of the Dungeon.
You were hungry.

You visited 1 branch of the dungeon, and saw 3 of its levels.

You collected 95 gold pieces.

Inventory:

Missiles
 m - a throwing net (quivered)
Armour
 l - a scarf of resistance (worn)
Scrolls
 b - 2 scrolls of remove curse
 c - a scroll of fear {unknown}
 e - 2 scrolls of amnesia
Potions
 d - a potion of mutation
 f - a potion of agility {unknown}
 g - a potion of magic {unknown}
 h - a potion of resistance {unknown}
 i - 3 potions of curing {unknown}
 j - 2 potions of invisibility {unknown}
Comestibles
 a - 9 rations
 k - 2 chunks of flesh


   Skills:
 + Level 4.3 Fighting
 + Level 3.5 Dodging
 - Level 1.7 Stealth
 * Level 4.7 Unarmed Combat


You had 4 spell levels left.
You didn't know any spells.

Dungeon Overview and Level Annotations

Branches:
Dungeon (3/15)

Altars:
Trog


Innate Abilities, Weirdness & Mutations

Your plain brown scales are hard. (AC +5)
You cannot fit into any form of body armour.
You are cold-blooded and may be slowed by cold attacks.
You have a pair of small antennae on your head.
You have a beak for a mouth.


Message History

The orc is heavily wounded.
You feel sick.
The orc hits you with a trident of venom.
The orc hits you with a flail.
You closely miss the orc. You tail-slap the orc.
The orc is severely wounded.
You feel sick. The orc misses you. The orc hits you with a flail!
* * * LOW HITPOINT WARNING * * *
You hit the orc but do no damage.
The orc is severely wounded.
* * * LOW HITPOINT WARNING * * *
You feel sick. The orc hits you but does no damage.
Unknown command.
It was a potion of mutation.
You feel extremely strange. A pair of antennae grows on your head!
Your mouth lengthens and hardens into a beak!
* * * LOW HITPOINT WARNING * * *
You feel sick. The orc closely misses you.
The orc hits you with a trident of venom!
You die...

##.####.# ..
....##.##.#
#.#.##..#.#
#.#.##....##.#
.#............#
.###.#....#...##.##
.##..###..##o## # .
....# #..##o# #
#.##.# #..##@#
####.##.####..##o#
..............##o#
##..###.########S#
##..###>#.........
##........######.#
........### #.#
###.##### #.#
###.##


You could see an adder and 4 orcs.

Vanquished Creatures
  Robin (D:3)
  4 gnolls (D:2)
  3 adders
  An ooze (D:2)
  A dart slug (D:1)
  3 leopard geckos
  An orc (D:3)
  11 bats
  2 giant cockroaches (D:1)
  13 hobgoblins
  4 jackals (D:1)
  2 quokkas
  2 ball pythons (D:2)
  3 frilled lizards (D:2)
  15 goblins
  7 kobolds
  10 rats
83 creatures vanquished.

Notes
Turn   | Place    | Note
-------+----------+-------------------------------------------
     0 | D:1      | KristoblXynda the Draconian Monk began the quest for the Orb.
     0 | D:1      | Reached XP level 1. HP: 19/19 MP: 1/1
   321 | D:1      | Reached XP level 2. HP: 20/26 MP: 2/2
   768 | D:1      | Reached XP level 3. HP: 30/31 MP: 3/3
  1803 | D:2      | Reached XP level 4. HP: 40/40 MP: 4/4
  2277 | D:2      | Found a bloodstained altar of Trog.
  2366 | D:3      | Noticed Robin
  2371 | D:3      | Reached XP level 5. HP: 46/46 MP: 5/5
  2419 | D:3      | Killed Robin
  2568 | D:3      | Gained mutation: You have a pair of small antennae on your head. [potion of mutation]
  2568 | D:3      | Gained mutation: You have a beak for a mouth. [potion of mutation]
  2568 | D:3      | Slain by an orc

Vault maps used:
D:1:      nzn_arrival_depleted_hourglass
D:2:      trog_hazing_becter
D:3:      uniq_sigmund, uniq_robin

Skill      XL: |  1  2  3  4 |
---------------+-------------+-----
Dodging        | 3 |  3.5
Unarmed Combat | 4 |  4.7
Fighting       | 4 |  4.3
Stealth        | |  1.7

Action                   |  1- 3 |  4- 6 || total
-------------------------+-------+-------++-------
Melee: Unarmed           |   158 |   119 ||   277
       Tailslap          |    16 |    15 ||    31
       Punch             |     3 |     2 ||     5
  Use: Scroll            |     5 |       ||     5
       Potion            |       |     2 ||     2
 Stab: Sleeping          |     3 |     1 ||     4
  Eat: Chunk             |     2 |     3 ||     5
Armor: Skin              |    44 |    40 ||    84
Dodge: Dodged            |   102 |   113 ||   215

Table legend:
 A = Spawn XP
 B = Non-spawn XP
 C = Spawn XP percentage of total XP
 D = Spawn monster count
 E = Non-spawn monster count
 F = Spawn count percentage of total count
 G = Total turns spent on level
                    A         B        C        D         E        F      G
               +---------+---------+-------+---------+---------+-------+---------
         Total |       0 |     245 |   0.0 |       0 |      83 |   0.0 |  2568
               +---------+---------+-------+---------+---------+-------+---------
           D:1 |       0 |      47 |   0.0 |       0 |      25 |   0.0 |  1204
           D:2 |       0 |     140 |   0.0 |       0 |      40 |   0.0 |  1146
           D:3 |       0 |      58 |   0.0 |       0 |      18 |   0.0 |   218
               +---------+---------+-------+---------+---------+-------+---------
